 Dungeon Crawl Stone Soup version 0.25.1-2-g60ff931df9 (webtiles) character file.

Game seed: 4194936710352009818

277 Curus the Slasher (level 6, 0/51 HPs)
             Began as a Hill Orc Monk on Oct 1, 2020.
             Slain by a worker ant (3 damage)
             ... on level 4 of the Dungeon.
             The game lasted 00:12:54 (3293 turns).

Curus the Slasher (Hill Orc Monk)                   Turns: 3293, Time: 00:12:54

Health: 0/51       AC:  9    Str: 14    XL:     6   Next: 26%
Magic:  15/15      EV:  9    Int: 10    God:
Gold:   245        SH:  8    Dex: 15    Spells: 5/5 levels left

rFire    . . .     SeeInvis .   a - +0 falchion
rCold    . . .     Gourm    .   p - +0 buckler
rNeg     . . .     Faith    .   o - +0 scale mail
rPois    .         Spirit   .   i - +0 helmet
rElec    .         Reflect  +   n - +0 cloak
rCorr    .         Harm     .   h - +0 pair of gloves
MR       .....                  (no boots)
Stlth    +.........             g - amulet of reflection
HPRegen  0.17/turn              k - ring of magical power
MPRegen  0.14/turn              m - ring of wizardry

@: lethally poisoned (0 -> -2)
A: high mp 1, screaming 1
a: no special abilities


You were on level 4 of the Dungeon.
You were not hungry.

You visited 1 branch of the dungeon, and saw 4 of its levels.

You collected 245 gold pieces.

Inventory:

Hand Weapons
 a - a +0 falchion (weapon)
Armour
 b - a +0 robe
 e - a +0 ring mail
 h - a +0 pair of gloves (worn)
 i - a +0 helmet (worn)
 n - a +0 cloak (worn)
 o - a +0 scale mail (worn)
 p - a +0 buckler (worn)
Jewellery
 g - an amulet of reflection (around neck)
 k - a ring of magical power (left hand)
 m - a ring of wizardry (right hand)
Scrolls
 d - 4 scrolls of identify
 f - a scroll of fog
 l - 2 scrolls of fear
Potions
 j - a potion of haste
 q - a potion of curing
Comestibles
 c - 6 rations
 r - a chunk of flesh


   Skills:
 - Level 3.6 Fighting
 + Level 7.5 Long Blades
 - Level 2.4 Dodging
 - Level 1.5 Stealth


You had 5 spell levels left.
You didn't know any spells.
Your spell library contained the following spells:

 Spells                   Type           Power        Failure   Level  Hunger
 Animate Skeleton         Necr           N/A          71%         1    ##.....
 Apportation              Tloc           #.....       71%         1    ##.....
 Corona                   Hex            #......      71%         1    ##.....
 Summon Small Mammal      Summ           #...         71%         1    ##.....


Dungeon Overview and Level Annotations

Branches:
Dungeon (4/15)
 Temple: D:4-7

Altars:
Cheibriados
Gozag
Zin

Shops:
D:4 [


Innate Abilities, Weirdness & Mutations

You have an increased reservoir of magic. (+10% MP)
You occasionally shout uncontrollably at your foes.


Message History

You feel sick. The worker ant bites you.
* * * LOW HITPOINT WARNING * * *
You hit the worker ant.
The worker ant is severely wounded.
The worker ant barely misses you.
You closely miss the worker ant.
The worker ant is severely wounded.
* * * LOW HITPOINT WARNING * * *
You feel sick.
The worker ant bites you but does no damage.
The orc wizard casts a spell.
The orc wizard seems to speed up.
You closely miss the worker ant.
The worker ant is severely wounded.
You block the worker ant's attack.
You closely miss the worker ant.
The worker ant is severely wounded.
* * * LOW HITPOINT WARNING * * *
You feel sick. The worker ant bites you.
You die...

.........÷.... #.....
................
#.....
................
#.....
.............#.#
##..... ..............
....... ##.####.......
#......## #.# #.##...#
......a.## .# #. #.##.
......o@.## .#
#.#..#..
.#.####)..##.#
....##.#
#).8...###.#.##..#
##..<....#......<..
#)8.∩.8..#..#.##...
###...........#.##...
.......8..............
####............###...
##..........)###...


You could see a worker ant and an orc wizard (fast).

Vanquished Creatures
  Crazy Yiuf (D:3)
  A hound (D:4)
  A bullfrog skeleton (D:4)
  Jessica (D:2)
  A worker ant (D:4)
  An orc wizard (D:4)
  A gnoll (D:1)
  2 adders
  An adder skeleton (D:4)
  An adder zombie (D:3)
  2 worms (D:2)
  5 dart slugs
  3 leopard geckos
  3 orcs (D:4)
  4 giant cockroaches
  3 hobgoblins
  6 quokkas
  9 bats
  5 frilled lizards
  10 goblins
  10 kobolds
  A leopard gecko skeleton (D:4)
72 creatures vanquished.

Notes
Turn   | Place    | Note
-------+----------+-------------------------------------------
     0 | D:1      | Curus the Hill Orc Monk began the quest for the Orb.
     0 | D:1      | Reached XP level 1. HP: 19/19 MP: 1/1
    23 | D:1      | Reached skill level 4 in Long Blades
    23 | D:1      | Reached XP level 2. HP: 26/26 MP: 2/2
   317 | D:1      | Reached XP level 3. HP: 31/31 MP: 3/3
   685 | D:1      | Gained mutation: You occasionally shout uncontrollably at
                  | your foes. [potion of mutation]
   685 | D:1      | Gained mutation: You have an increased reservoir of magic.
                  | (+10% MP) [potion of mutation]
   975 | D:2      | Noticed Jessica
   982 | D:2      | Killed Jessica
   982 | D:2      | Reached skill level 5 in Long Blades
   982 | D:2      | Reached XP level 4. HP: 26/39 MP: 4/4
  2098 | D:3      | Found a snail-covered altar of Cheibriados.
  2138 | D:3      | Reached skill level 6 in Long Blades
  2299 | D:3      | Reached XP level 5. HP: 45/45 MP: 5/5
  2415 | D:3      | Found a glowing silver altar of Zin.
  2415 | D:3      | Found an opulent altar of Gozag.
  2564 | D:3      | Found a runed translucent door.
  2565 | D:3      | Noticed Crazy Yiuf
  2579 | D:3      | Killed Crazy Yiuf
  3209 | D:4      | Reached skill level 7 in Long Blades
  3209 | D:4      | Reached XP level 6. HP: 49/51 MP: 6/6
  3215 | D:4      | Found Beraoleass's Antique Armour Shoppe.
  3293 | D:4      | Slain by a worker ant

Illustrated notes

Levels and vault maps discovered:
D:1:      zaba_arrival_water, layout_basic
D:2:      layout_loops_ring, serial_glass, glass_columns_a, glass_columns_a,
          first_ration, kennysheep_generic_room_9, uniq_jessica
D:3:      layout_rooms, grunt_temple_overflow_gold_and_silver,
          cheibriados_altar_1, uniq_crazy_yiuf_cottage
D:4:      layout_rooms, serial_shops, nicolae_shop_statue_plus,
          minmay_misc_feat_four_crosses

Skill      XL: |  1  2  3  4  5 |
---------------+----------------+-----
Long Blades    | 4 5 6 7 |  7.5
Fighting       | |  3.6
Dodging        | |  2.4
Stealth        | |  1.5

Action                   |  1- 3 |  4- 6 || total
-------------------------+-------+-------++-------
Melee: Falchion          |    57 |   230 ||   287
  Use: Potion            |     3 |     5 ||     8
       Scroll            |     2 |     5 ||     7
 Stab: Sleeping          |     1 |       ||     1
  Eat: Chunk             |       |     8 ||     8
Armor: Robe              |     7 |       ||     7
       Ring mail         |     6 |    66 ||    72
       Scale mail        |       |    13 ||    13
Dodge: Dodged            |    48 |   114 ||   162
Block: Other             |       |    37 ||    37
       Reflection        |       |     1 ||     1
       Buckler           |       |    43 ||    43
       Rpst.: Falchion   |    18 |    43 ||    61
